Map: Central Protocol

Players

tbekas

  • Race: Zerg Zerg
  • League: Platinum

Robola - Winner!

  • Race: Terran Terran
  • League: Platinum

VOD

Have the link to the VOD?

Description

Time

  • Played on: Feb. 8, 2016, 3:39 p.m.
  • Length: 7:18
Show
View Real Time Build Order
Export as new Build Order

tbekas Zerg 

Build Orders: Hatch First 

Get SALT Encoding   

  12  0:02  Drone  
  13  0:09  Drone  
  14  0:19  Overlord  
  14  0:28  Extractor  
  13  0:29  Extractor  
  13  0:30  Drone x2  
  16  0:41  Drone  
  17  0:57  Hatchery  
  17  1:00  Drone  
  17  1:01  Drone  
  18  1:08  Extractor  
  18  1:09  Drone  
  18  1:21  Spawning Pool  
  18  1:24  Drone  
  18  1:32  Drone  
  19  1:57  Overlord  
  19  2:08  Queen  
  21  2:09  Queen  
  21  2:13  Drone x3  
  21  2:14  Zergling x2  
  27  2:18  Metabolic Boost  
  27  2:24  Drone  
  28  2:38  Drone x2  
  28  2:44  Overlord  
  30  2:45  Drone  
  31  2:55  Drone x2  
  33  3:01  Drone  
  34  3:06  Zergling x2  
  34  3:12  Drone  
  36  3:21  Queen  
  36  3:22  Drone x3  
  36  3:23  Drone x3  
  44  3:36  Spine Crawler  
  44  3:39  Roach Warren  
  42  3:45  Overlord x2  
  42  3:47  Zergling x4  
  44  3:52  Extractor x2  
  42  4:05  Zergling x2  
  42  4:06  Zergling x14  
  50  4:13  Baneling Nest  
  49  4:19  Zergling x4  
  50  4:38  Spore Crawler  
  49  4:40  Spore Crawler  
  49  4:41  Zergling x2  
  49  4:42  Zergling x4  
  49  4:44  Overlord x2  
  44  4:55  Zergling x2  
  44  4:56  Zergling x12  
  48  5:07  Zergling x4  
  39  5:22  Zergling x12  
  39  5:23  Zergling x2  
  39  5:28  Baneling x2  
  41  5:39  Zergling x2  
  31  6:00  Spore Crawler  
  31  6:01  Baneling x2  
  30  6:05  Spore Crawler  
  27  6:11  Queen  
  27  6:17  Spine Crawler  
  28  6:20  Zergling x4  
  28  6:27  Baneling x2  
  24  6:52  Zergling x2  
  24  6:53  Zergling x6  
Show
View Real Time Build Order
Export as new Build Order

Robola Terran - Winner!

Build Orders: Liberator Opening 

Get SALT Encoding   

  12  0:00  SCV  
  13  0:13  SCV  
  14  0:19  Supply Depot  
  14  0:25  SCV  
  15  0:29  Refinery  
  15  0:40  SCV  
  16  0:52  SCV, Barracks  
  17  1:04  SCV  
  18  1:16  SCV  
  19  1:29  SCV  
  20  1:33  Refinery  
  20  1:42  Supply Depot, Barracks Reactor  
  20  1:51  Factory  
  20  1:52  Orbital Command  
  20  2:15  Barracks  
  20  2:17  SCV  
  20  2:20  Marine x2  
  23  2:29  SCV  
  24  2:34  Factory Tech Lab  
  24  2:38  Marine x2  
  24  2:42  Starport  
  25  2:45  SCV  
  26  2:56  Siege Tank  
  26  2:57  SCV  
  30  2:59  Marine  
  31  3:10  Supply Depot  
  31  3:12  Liberator  
  31  3:29  SCV, Marine x3  
  38  3:48  Marine x3  
  41  3:52  Siege Tank  
  44  3:57  Supply Depot  
  44  4:06  Marine x3  
  44  4:09  Liberator  
  47  4:23  Marine  
  48  4:24  Marine x2  
  53  4:41  Marine  
  52  5:01  Siege Tank  
  53  5:20  Marine x3  
  49  5:38  Marine x3  
  52  5:49  Siege Tank  
  49  5:56  Marine x3  
  52  6:13  Marine  
  52  6:14  Marine x2  
  52  6:18  Command Center  
  44  6:40  Marine  
  44  6:41  Marine x2  
  33  6:58  Marine x2  
Tags
 
Add a new tag
Caveats
  • Supply blocks, unpowered buildings, or Contaminate may cause inaccurate times.
  • Supply counts are checked every 10 seconds.